 Dungeon Crawl Stone Soup version 0.28-a0-906-g0406aca7d3 (webtiles) character file.

Game seed: 7109679560197461433

3547 demibob the Severer (level 10, 0/117 HPs)
             Began as a Hill Orc Fighter on Nov 23, 2021.
             Was an Initiate of Makhleb.
             Slain by an orc warrior (16 damage)
             ... in a bailey.
             The game lasted 00:13:23 (8723 turns).

demibob the Severer (Hill Orc Fighter)              Turns: 8723, Time: 00:13:24

Health: 0/117      AC: 25    Str: 20    XL:     10   Next: 9%
Magic:  0/15       EV:  2    Int:  8    God:    Makhleb [......]
Gold:   421        SH:  5    Dex: 13    Spells: 9/9 levels left

rFire   . . .      SeeInvis .   a - +1 war axe (vorpal)
rCold   . . .      Faith    .   c - +0 buckler
rNeg    + . .      Spirit   +   (armour currently unavailable)
rPois   +          Reflect  .   (helmet currently unavailable)
rElec   .          Harm     .   (cloak currently unavailable)
rCorr   .          Rampage  .   (gloves currently unavailable)
Will    .....      NoTele   +   (boots currently unavailable)
Stlth   +.........              t - amulet of guardian spirit
HPRegen 0.29/turn               N - ring of positive energy
MPRegen 0.14/turn               (no ring)

@: tree-form, hasted, very quick
A: stationary, stasis, torment immunity, boosted hp
a: Renounce Religion


You were in a bailey.
You worshipped Makhleb.
Makhleb was noncommittal.
You were a tree.
You visited 2 branches of the dungeon, and saw 10 of its levels.
You also visited: Bailey.

You collected 421 gold pieces.


   Skills:
 + Level 4.1 Fighting
 - Level 16.1 Axes
 + Level 3.7 Armour
 - Level 4.0 Shields
 + Level 7.1 Invocations


You had 9 spell levels left.
You didn't know any spells.
Your spell library contained the following spells:

 Spells                   Type           Power      Damage    Failure   Level
 Animate Skeleton         Necr           0%         N/A       41%         1
 Apportation              Tloc           0%         N/A       41%         1
 Summon Small Mammal      Summ           0%         N/A       41%         1
 Corpse Rot               Necr/Air       0%         N/A       54%         2
 Poisonous Vapours        Pois/Air       0%         N/A       54%         2
 Static Discharge         Conj/Air       0%         N/A       54%         2
 Call Canine Familiar     Summ           0%         N/A       78%         3
 Summon Guardian Golem    Hex/Summ       0%         N/A       78%         3
 Dispel Undead            Necr           0%         3d6       99%         4
 Sticky Flame             Conj/Fire      0%         2d3       99%         4

Inventory:

Hand Weapons
 a - a +1 vorpal war axe (weapon)
Missiles
 i - a curare-tipped dart (quivered) {=f}
Armour
 b - a +0 scale mail (melded)
 c - a +0 buckler (worn)
 k - a +0 helmet (melded)
 p - a +2 pair of gloves (melded)
 q - a +1 cloak (melded)
 u - the +0 robe of Ezuotiyr {rF++ rC+}
   (You found it on level 9 of the Dungeon)

   rF:        It greatly protects you from fire.
   rC:        It protects you from cold.
Jewellery
 t - an amulet of guardian spirit (around neck)
 N - a ring of positive energy (left branch)
Wands
 f - a wand of paralysis (15)
 s - a wand of mindburst (10)
Scrolls
 d - a scroll of fog
 e - 2 scrolls of enchant weapon
Potions
 g - 2 potions of curing {@q1}
 h - 3 potions of ambrosia
 j - a potion of haste {@q3}
 n - a potion of degeneration {unknown}
 o - a potion of resistance {unknown}
 r - a potion of cancellation {unknown}

Dungeon Overview and Level Annotations

Branches:
Dungeon (9/15)             Temple (1/1) D:6            Lair (0/6) D:8
 Bailey (1/1)
    Orc: D:9-12

Altars:
Ashenzari
Gozag
Hepliaklqana
Makhleb
Nemelex Xobeh
Qazlal
Trog
Yredelemnul

### ##
##∩##▒▒▒▒▒▒▒##.##
#.∩.#▒.....▒#...#
..#...#..≈≈≈..#..$#
≈.......≈≈o≈≈.▒..[#
≈.......≈.oo≈.'.o.#
≈.......≈≈o≈≈.▒oo.#
..#...#..≈≈≈..#)..#
.▒#...#▒.o...▒#.♣.#
▒ ##∩##▒▒▒▒▒▒▒##.##
## ###


You could see 3 orc warriors.


Message History

The orc warrior is severely wounded.
You hit the orc warrior but do no damage.
The orc warrior hits you from afar with a +0 halberd!!
* * * LOW HITPOINT WARNING * * *
You are too injured to fight recklessly!
You hit the orc warrior but do no damage.
You barely miss the orc warrior. You block the orc warrior's attack.
The orc warrior unwields a +0 arbalest.
You block the orc warrior's attack.
You slash the orc warrior!
The orc warrior is moderately wounded.
You miss the orc warrior.
The orc warrior hits you from afar with a +0 halberd!
* * * LOW HITPOINT WARNING * * *
You hit the orc warrior but do no damage.
The orc warrior is moderately wounded.
You hit the orc warrior.
The orc warrior hits you with a +0 spear!
* * * LOW HITPOINT WARNING * * *
Okay, then.
Things that are here:
a +0 spear; a +0 ring mail; an orc corpse The orc warrior wields a +0 arbalest.
The orc warrior shoots a bolt.
You block the bolt.
It was a potion of lignification.
You turn into a tree.
Your +1 cloak melds into your body.
Your +0 helmet melds into your body.
Your +2 pair of gloves melds into your body.
Your +0 scale mail melds into your body.
Your roots penetrate the ground.
The orc warrior hits you from afar with a +0 spear!!
You die...

Skill      XL: |  1  2  3  4  5  6  7  8  9 10 |
---------------+-------------------------------+-----
Axes           | 3 4 6 8 9 11 14 16 | 16.1
Shields        | 4 |  4.0
Invocations    | 6 7 |  7.1
Fighting       | 4 |  4.1
Armour         | |  3.7

Action                   |  1- 3 |  4- 6 |  7- 9 | 10-12 || total
-------------------------+-------+-------+-------+-------++-------
Melee: War axe           |    79 |    83 |   278 |    32 ||   472
Evoke: Wand              |       |     2 |     7 |       ||     9
  Use: Scroll            |     4 |     1 |     8 |     3 ||    16
       Potion            |       |     1 |     6 |     3 ||    10
 Stab: Paralysed         |       |       |     8 |       ||     8
Armor: Scale mail        |    31 |    22 |   109 |     6 ||   168
Dodge: Dodged            |    21 |    32 |    72 |    11 ||   136
Block: Buckler           |    23 |    13 |    65 |     8 ||   109

Levels and vault maps discovered:
D:1:      elethiomel_arrival_shortcut, layout_rooms,
          dreamdust_ecumenical_altar_hidden_monk_grotto
D:2:      layout_loops_cross, basic_altar
D:3:      layout_loops_cross
D:4:      layout_basic, solitary_fountain, hex_large
D:5:      kennysheep_kobold_camp, layout_cave_pools,
          mainiacjoe_overflow_large_starburst
D:6:      layout_loops_cross, mainiacjoe_overflow_catwalk,
          gammafunk_temple_overflow_claw, minmay_temple_entry_mist
D:7:      layout_loops_ring, marbit_many_paths, kennysheep_pointless_box,
          uniq_joseph
D:8:      layout_rooms, erik_lair_island, bh_walls_and_bars
D:9:      layout_irregular_city, mainiacjoe_overflow_boulevard, enter_bailey_8,
          minmay_evil_grid
Temple:   nicolae_temple_figure_eight
Bailey:   bailey_polearm_4, bailey

Notes
Turn   | Place    | Note
-------+----------+-------------------------------------------
     0 | D:1      | demibob the Hill Orc Fighter began the quest for the Orb.
     0 | D:1      | Reached XP level 1. HP: 19/19 MP: 1/1
    15 | D:1      | Reached skill level 3 in Axes
    99 | D:1      | Reached XP level 2. HP: 26/26 MP: 2/2
   591 | D:1      | Reached XP level 3. HP: 27/31 MP: 3/3
   599 | D:1      | Reached skill level 4 in Shields
   673 | D:1      | Found a faded altar of an unknown god.
   834 | D:2      | Found a broken altar of Ashenzari.
   949 | D:2      | Reached skill level 4 in Axes
  1508 | D:3      | Reached XP level 4. HP: 39/39 MP: 4/4
  1598 | D:3      | Reached skill level 5 in Axes
  1993 | D:3      | Noticed a centaur
  1999 | D:3      | Killed a centaur
  2000 | D:3      | Reached skill level 6 in Axes
  2000 | D:3      | Reached XP level 5. HP: 23/45 MP: 5/5
  2411 | D:3      | Reached skill level 7 in Axes
  2769 | D:4      | Noticed a phantom
  2778 | D:4      | Killed a phantom
  2779 | D:4      | Reached skill level 8 in Axes
  2779 | D:4      | Reached XP level 6. HP: 33/51 MP: 6/6
  3025 | D:4      | Noticed a necrophage
  3039 | D:4      | Killed a necrophage
  3127 | D:4      | Reached skill level 9 in Axes
  3135 | D:4      | Noticed a necrophage
  3142 | D:4      | Killed a necrophage
  3143 | D:4      | Reached XP level 7. HP: 55/57 MP: 7/7
  3424 | D:4      | Reached skill level 10 in Axes
  3664 | D:5      | Entered Level 5 of the Dungeon
  3677 | D:5      | Found a bloodstained altar of Trog.
  3912 | D:5      | Reached skill level 11 in Axes
  3951 | D:5      | Reached XP level 8. HP: 64/64 MP: 8/8
  3998 | D:5      | Found an opulent altar of Gozag.
  4089 | D:5      | Reached skill level 12 in Axes
  5407 | D:6      | Reached skill level 13 in Axes
  5618 | D:6      | Reached skill level 14 in Axes
  5618 | D:6      | Reached XP level 9. HP: 63/70 MP: 9/9
  5754 | D:6      | Found a broken altar of Ashenzari.
  5754 | D:6      | Found a sparkling altar of Nemelex Xobeh.
  5754 | D:6      | Found a hazy altar of Hepliaklqana.
  5945 | D:6      | Found a staircase to the Ecumenical Temple.
  5957 | Temple   | Entered the Ecumenical Temple
  6024 | Temple   | Became a worshipper of Makhleb the Destroyer
  6082 | D:6      | Reached skill level 1 in Invocations
  6093 | D:6      | Found a basalt altar of Yredelemnul.
  6459 | D:7      | Noticed Joseph
  6467 | D:7      | Reached skill level 2 in Invocations
  6485 | D:7      | Killed Joseph
  6486 | D:7      | Reached skill level 15 in Axes
  6486 | D:7      | Reached skill level 3 in Invocations
  6827 | D:7      | Reached skill level 4 in Invocations
  6886 | D:7      | Found a stormy altar of Qazlal.
  7407 | D:8      | Reached skill level 5 in Invocations
  7411 | D:8      | Found a staircase to the Lair.
  7627 | D:8      | Reached skill level 6 in Invocations
  7693 | D:8      | Noticed a troll
  7703 | D:8      | Killed a troll
  7704 | D:8      | Reached skill level 16 in Axes
  7923 | D:8      | Reached XP level 10. HP: 77/77 MP: 14/14
  8240 | D:8      | Reached skill level 4 in Fighting
  8240 | D:8      | Reached skill level 7 in Invocations
  8514 | D:9      | Identified the +0 robe of Ezuotiyr {rF++ rC+}
  8602 | D:9      | Found a flagged portal.
  8695 | Bailey   | Entered a bailey
  8695 | Bailey   | Noticed an orc knight
  8700 | Bailey   | Noticed an orc knight
  8700 | Bailey   | Noticed an orc knight
  8723 | Bailey   | Slain by an orc warrior

Vanquished Creatures
  Joseph (D:7)
  A troll (D:8)
  2 water moccasins
  An orc warrior (D:8)
  A sky beast (D:6)
  A black bear (D:6)
  2 necrophages (D:4)
  3 ogres
  2 centaurs
  2 phantoms
  4 bullfrogs
  A kobold brigand (D:5)
  3 scorpions
  2 water moccasin zombies
  3 wights (D:8)
  3 electric eels (D:8)
  2 howler monkeys
  A bullfrog zombie (D:4)
  A centaur zombie (D:6)
  2 jellies
  8 hounds
  An orc priest (D:5)
  A centaur skeleton (D:5)
  2 iguanas (D:5)
  2 orc wizards
  A hound skeleton (D:5)
  A howler monkey zombie (D:8)
  11 gnolls
  11 adders
  A howler monkey skeleton (D:4)
  A white imp (D:8)
  3 worms (D:3)
  3 dart slugs
  18 orcs
  3 endoplasms
  3 giant cockroaches
  12 goblins
  3 hobgoblins
  21 kobolds
  2 quokkas
  3 ball pythons
  A bat (D:3)
  2 frilled lizards
  5 rats
157 creatures vanquished.

Vanquished Creatures (others)
  19 plants (D:5)
19 creatures vanquished.

Grand Total: 176 creatures vanquished

Table legend: (Time is in decaauts)
 A = Elapsed time spent in this place.
 B = Non-inter-level travel time spent in this place.
 C = Inter-level travel time spent in this place.
 D = Time resting spent in this place.
 E = Time spent auto-exploring this place.
 F = Levels seen in this place.
 G = Mean time per level.
                   A        B        C        D        E       F      G
               +--------+--------+--------+--------+--------+-----+--------+
         Total |   8710 |   8451 |    259 |   1810 |   5341 |  11 |  791.8 |
       Dungeon |   8614 |   8366 |    248 |   1810 |   5278 |   9 |  957.1 |
        Temple |     77 |     67 |     10 |      0 |     63 |   1 |   77.0 |
        Bailey |     18 |     18 |      0 |      0 |      0 |   1 |   18.0 |
               +--------+--------+--------+--------+--------+-----+--------+

Top non-repeatable levels by time:
     D:5: 1643 daAuts
     D:3: 1277 daAuts
     D:7: 1232 daAuts
     D:4: 1118 daAuts
     D:8: 923 daAuts
     D:6: 846 daAuts
     D:1: 711 daAuts
     D:2: 676 daAuts
     D:9: 184 daAuts
  Temple: 77 daAuts
  Bailey: 18 daAuts

Table legend:
 A = Non-vault XP
 B = Vault XP
 C = Vault XP percentage of total XP
 D = Non-vault monster count
 E = Vault monster count
 F = Vault count percentage of total count
                 A         B        C        D         E       F
            +---------+---------+-------+---------+---------+-------
      Total |    3853 |    1215 |  24.0 |     127 |      30 |  19.1
            +---------+---------+-------+---------+---------+-------
        D:1 |      36 |       0 |   0.0 |      13 |       0 |   0.0
        D:2 |      17 |       0 |   0.0 |      10 |       0 |   0.0
        D:3 |     233 |       0 |   0.0 |      21 |       0 |   0.0
        D:4 |     548 |       0 |   0.0 |      22 |       0 |   0.0
        D:5 |     802 |     127 |  13.7 |      24 |      21 |  46.7
        D:6 |    1098 |       0 |   0.0 |      15 |       0 |   0.0
        D:7 |     347 |     577 |  62.4 |       7 |       2 |  22.2
        D:8 |     772 |     508 |  39.7 |      15 |       6 |  28.6
     Bailey |       0 |       3 | 100.0 |       0 |       1 | 100.0
            +---------+---------+-------+---------+---------+-------
